[Event "CCT Chessable Masters Place D-I 2024"]
[Site "Online"]
[Date "2024.02.01"]
[Round "1"]
[White "Nakamura, Hikaru"]
[Black "Lazavik, Denis"]
[Result "0-1"]
[ECO "A28"]
[WhiteElo "2788"]
[BlackElo "2566"]
[Annotator "TA"]
[PlyCount "106"]
[EventDate "2024.01.12"]
[EventType "k.o."]
[EventCountry "NET"]
[SourceTitle "playchess.com"]
[Source "ChessBase"]
[SourceQuality "1"]
[TimeControl "600+2"]

1. c4 Nf6 2. Nc3 e5 3. a3 d5 4. cxd5 Nxd5 5. Nf3 Nc6 6. e4 Nf4 {[%emt 0:00:10] A28: English Opening: Four Knights Variation.} 7. d3 Bg4 8. h3 Bxf3 9. Qxf3 Nd4 10. Qd1 Bc5 $146 ({Predecessor:} 10... c6 11. Rb1 Be7 12. g3 Nfe6 13. Bg2 O-O 14. O-O a5 15. Kh1 b5 16. Be3 a4 {½-½ Yilmaz,M (2536)-Palac,M (2604) Sarajevo Bosna op-A 42nd 2012 (4)}) 11. g3 Nfe6 12. h4 Qf6 13. Bh3 Nb3 14. O-O Nxa1 15. Nd5 Qd8 16. Qh5 O-O 17. Bf5 g6 18. Qg4 Kh8 19. Bxe6 fxe6 20. Bg5 Qd7 21. Nf6 Qg7 (21... Qxd3 22. h5 Kg7 23. Qh4 $17) 22. Qxe6 Nc2 23. Kg2 Bd6 24. Ng4 Nd4 25. Qc4 h5 26. Nh2 Qf7 27. Qc1 Qe6 28. Be3 c5 29. Bxd4 cxd4 30. Qh6+ Kg8 31. Nf3 Be7 32. Nd2 Rf7 33. Nf3 Raf8 34. Ng1 Bxh4 35. f3 Be7 36. Nh3 Rh7 37. Qd2 Rc8 38. f4 Rf8 39. Kh2 h4 40. g4 exf4 41. Rf3 Qxg4 42. Qe2 Bd6 43. Nf2 Qe6 (43... Qg3+ $142 44. Kh1 Rc8 (44... Qg5 $2 45. Qf1 $19) 45. b4 Rc1+ 46. Nd1 Qg4 (46... Rc2 {leads to mate.} 47. Qxc2 Qxf3+ 48. Qg2 Qxd1+ 49. Qg1 Qxg1+ 50. Kxg1 h3 51. b5 h2+ 52. Kh1 f3 53. e5 Bxe5 54. b6 f2 55. Kg2 h1=Q+ 56. Kxf2 Rh2#) 47. Kh2 h3 48. e5 Rxd1 49. Qa2+ Kh8 (49... Kg7 {is a self mate.} 50. Qf2 Bxe5 51. a4 Rh8 52. b5 Rc8 53. a5 Rcc1 54. Qf1 Rxf1 55. Rxf1 Qg2#) 50. Qf2 Bxe5 (50... Qg2+ {gets mated.} 51. Qxg2 hxg2+ 52. Kxg2 Bxe5 53. Rf2 Rxd3 54. Rf3) 51. b5 Rd2 (51... Qg3+ 52. Rxg3 fxg3+ 53. Qxg3 Rd2+ 54. Kg1 Bxg3 55. Kf1 Rf7+ 56. Kg1 Rd1#) 52. Qxd2 Qxf3 53. Kg1 Rc7 (53... h2+ 54. Qxh2 Qd1+ 55. Kg2 f3+ 56. Kf2 Rxh2#) 54. Kh2 Rc1 55. Qxc1 Qg2#) 44. Qf1 Be5 45. Qg2 Rg7 46. Ng4 g5 47. Qh3 Re8 48. Kg2 Rc7 49. Rf2 Kg7 50. Qf3 Rec8 51. Kh3 Rc2 52. Rf1 Rc1 53. Rf2 R8c2 0-1

[Event "CCT Chessable Masters Place D-I 2024"]
[Site "Online"]
[Date "2024.02.01"]
[Round "1"]
[White "Firouzja, Alireza"]
[Black "Yu, Yangyi"]
[Result "1-0"]
[ECO "D35"]
[WhiteElo "2759"]
[BlackElo "2720"]
[Annotator "ChessBase"]
[PlyCount "67"]
[EventDate "2024.01.12"]
[EventType "k.o."]
[EventCountry "NET"]
[SourceTitle "playchess.com"]
[Source "ChessBase"]
[SourceQuality "1"]
[TimeControl "600+2"]

1. d4 Nf6 2. c4 e6 3. Bf4 Be7 4. Nc3 d5 5. e3 O-O 6. Rc1 c5 7. dxc5 dxc4 8. Bxc4 Qxd1+ 9. Kxd1 Bxc5 10. Nf3 Nc6 11. Ke2 Rd8 12. Rhd1 Bd7 13. Nb5 Bb6 14. Nd6 Na5 15. Bd3 Nd5 16. Ng5 f5 17. Ngf7 Rf8 18. Ne5 Rad8 19. Bg5 Ba4 20. Bxd8 Bxd1+ 21. Rxd1 Rxd8 22. Ndf7 Re8 23. Bxf5 Nxe3 24. Bxh7+ Kxh7 25. fxe3 Rc8 26. Ng5+ Kg8 27. Rd7 Rd8 28. Re7 Bc5 29. Rxe6 Bf8 30. h4 Rc8 31. h5 b6 32. h6 gxh6 33. Rg6+ Bg7 34. Ne6 1-0

[Event "CCT Chessable Masters Place D-I 2024"]
[Site "Online"]
[Date "2024.02.01"]
[Round "1"]
[White "So, Wesley"]
[Black "Keymer, Vincent"]
[Result "1/2-1/2"]
[ECO "E32"]
[WhiteElo "2757"]
[BlackElo "2743"]
[Annotator "TA"]
[PlyCount "88"]
[EventDate "2024.01.12"]
[EventType "k.o."]
[EventCountry "NET"]
[SourceTitle "playchess.com"]
[Source "ChessBase"]
[SourceQuality "1"]
[TimeControl "600+2"]

1. d4 Nf6 2. c4 e6 3. Nc3 Bb4 4. Qc2 O-O 5. e4 d6 6. e5 Nfd7 {[%emt 0:00:01] E32: Nimzo-Indian: Classical (4 Qc2): 4...0-0.} 7. exd6 cxd6 8. Nf3 Nc6 9. Bd3 e5 10. O-O exd4 11. Bxh7+ $146 ({Predecessor:} 11. Nd5 Nde5 12. Nxe5 dxe5 13. f4 Bc5 14. fxe5 Nxe5 15. Bxh7+ Kh8 16. Kh1 Qh4 17. Bf5 {½-½ Masset,J (2129)-Marcuzzo,G (2255) EU-ch 2022 pr02 email}) 11... Kh8 12. Nd5 Nde5 13. Nxe5 $1 dxe5 14. Bf5 Bd6 15. f4 $1 g6 (15... Kg8 $16) 16. Bxc8 $1 $18 Rxc8 17. f5 $1 Qh4 18. g3 $1 (18. fxg6 $2 fxg6 19. Rxf8+ (19. Qxg6 $2 Rxf1+ 20. Kxf1 Rf8+ 21. Ke2 Rf2+ 22. Kd3 Bf8 $19) 19... Rxf8 $19) 18... Qh5 19. Nf6 $1 Qh3 20. Ne4 (20. fxg6 Kg7 $16) ({Better is} 20. Bg5 $18) 20... Be7 21. f6 Bb4 (21... d3 $16 {is a better defense.} 22. Qg2 (22. Qxd3 Bb4 $16) 22... Qxg2+ 23. Kxg2 Bb4) 22. a3 ({White should try} 22. Qd3 $1 $18) 22... d3 $16 23. Qxd3 ({White should play} 23. Qg2 $16 Qxg2+ 24. Kxg2) 23... Rfd8 $14 24. Qe3 Bf8 25. Ng5 Qd7 26. Qe4 Kg8 27. Be3 Bh6 28. Qh4 Bxg5 29. Qxg5 Qh3 30. Rad1 Qh5 (30... Na5 $16) 31. Qxh5 gxh5 32. Rxd8+ $1 Rxd8 33. Rf5 Rd3 34. Kf2 Rb3 35. Bc1 a5 $2 (35... e4 {was called for.} 36. Rg5+ (36. Rxh5 Rf3+ 37. Kg2 Rxf6 $18) 36... Kf8 37. Rxh5 Rf3+ 38. Kg2 Rxf6 39. Rh8+ Kg7) 36. Rg5+ $18 (36. Rxh5 e4 37. Rg5+ Kh8 $18) 36... Kf8 37. Rxh5 Ke8 38. g4 Kd7 39. g5 Ke6 {[%emt 0:00:01] [#]} 40. Rh8 (40. Kg2 $142 $1) 40... Nd4 $2 (40... e4 $16 {was worth a try.}) 41. Re8+ Kf5 {[%emt 0:00:01] [#]} 42. Re7 $1 Rf3+ 43. Kg2 Rd3 $2 (43... e4 44. Bd2 (44. Rxb7 e3 $14) (44. Rxf7 Nb3 $18) 44... Rd3 45. Bxa5 e3 (45... Nc6 $2 46. Bc3 $18) 46. Rxf7 (46. Rxb7 Rd2+ 47. Kh3 Rf2 $18) 46... Rd2+ 47. Kh3 (47. Bxd2 $2 exd2 48. Rxb7 d1=Q $19) 47... Rf2) 44. Rxf7 $18 ({Less strong is} 44. Rxb7 Ne2 $16) 44... Rd1 1/2-1/2

[Event "CCT Chessable Masters Place D-I 2024"]
[Site "Online"]
[Date "2024.02.01"]
[Round "1"]
[White "Keymer, Vincent"]
[Black "So, Wesley"]
[Result "0-1"]
[ECO "D35"]
[WhiteElo "2743"]
[BlackElo "2757"]
[Annotator "TA"]
[PlyCount "84"]
[EventDate "2024.01.12"]
[EventType "k.o."]
[EventCountry "NET"]
[SourceTitle "playchess.com"]
[Source "ChessBase"]
[SourceQuality "1"]
[TimeControl "600+2"]

1. c4 e6 2. Nc3 d5 3. d4 Nf6 4. cxd5 exd5 5. Bg5 c6 6. e3 Bf5 7. Qf3 Bg6 8. Bxf6 Qxf6 9. Qxf6 gxf6 10. Kd2 Nd7 11. Nge2 Nb6 12. Ng3 h5 {[%emt 0:00:31][%cal Bh7h5,Bh5h4][%mdl 32] The position is equal.} 13. Bd3 h4 14. Nge2 Bd6 15. b3 a5 16. a4 Bxd3 17. Kxd3 f5 18. Ng1 Nd7 19. Nf3 Nf6 20. Raf1 Ne4 21. Kc2 Ke7 {[%emt 0:00:04] Black is more active.} 22. g3 h3 23. Ng1 Bb4 (23... b5 $5) 24. Nge2 Rac8 25. Kb2 b6 26. Nb1 c5 27. f3 Nd2 28. Rf2 Kd6 (28... cxd4 $11 29. Nxd4 Nxb1 30. Kxb1 Kf6) 29. Nec3 $2 (29. Nbc3 $1 $16 {aiming for Rd1.} c4 30. Rd1 Nxb3 31. e4) 29... Nxb1 $15 30. Nb5+ {[%emt 0:00:03] [#]} Kd7 $1 31. Kxb1 Rhe8 $36 {[%emt 0:00:06][%mdl 2048] Black is on the roll.} 32. Re2 (32. e4 $17) 32... c4 (32... f4 $19 33. e4 (33. gxf4 $2 {loses.} cxd4 34. Nxd4 Rc3 $19) 33... cxd4 34. Nxd4 fxg3 (34... dxe4 35. fxe4 fxg3 36. hxg3 $17) 35. hxg3 Rc3 36. exd5 (36. Rxh3 Rd3 $17) 36... Rxe2 37. Nxe2 Re3 (37... Rxf3 38. Rxh3 Rxb3+ 39. Kc2 $17) (37... Rxb3+ 38. Kc2 $17)) 33. Rd1 (33. bxc4 $1 $15 Rxc4 34. Rc1) 33... cxb3 $19 {[%emt 0:00:08][%cal Oc8c2] ...Rc2! would now be deadly.} 34. Rd3 f4 35. Rxb3 (35. gxf4 $142 Rg8 36. Rxb3) 35... fxg3 36. hxg3 Rg8 37. g4 f5 38. gxf5 {[%emt 0:00:06][%mdl 8192] This costs White the game.} (38. Rh2 $17) 38... Rg1+ 39. Ka2 Rg2 (39... Rcg8 $142 40. Rbb2 R8g2 41. Nc7 Rxe2 (41... Kxc7 $2 42. Rec2+ Kb7 43. Kb3 $19) 42. Rxe2 Rg2 (42... Kxc7 $2 43. Rc2+ Kd7 44. Kb3 $19) 43. Rxg2 hxg2 44. Nxd5 g1=Q (44... g1=R $2 45. Kb3 $19) 45. e4 Qf2+ (45... Qxd4 46. Kb3 Qd3+ 47. Kb2 Ba3+ 48. Ka2 Bc1 49. Nxb6+ Kc6 50. Nc4 Qxc4+ 51. Kb1 Qc3 52. Ka2 Qb2#) 46. Kb3 Qxf3+ (46... Qxd4 47. Kc2 Qc4+ 48. Kb1 Qe2 49. Nf4 Qd2 50. e5 Bc3 51. e6+ Kc8 52. Nd3 Qxd3+ 53. Kc1 Qd2+ 54. Kb1 Qb2#) 47. Kc4 Qe2+ (47... Qxe4 $2 {too greedy.} 48. Nf6+ Kc6 49. Nxe4 $18) 48. Kb3 Qd3+ (48... Qxe4 49. Nf6+ Kd6 50. Nxe4+ Kd5 51. Nf6+ Kxd4 52. Nd7 $11) 49. Kb2 Ba3+ (49... Qxd4+ 50. Ka2 Qd3 51. Kb2 Ba3+ 52. Ka2 Bc1 53. Nxb6+ Kc7 54. Nc4 Qxc4+ 55. Kb1 Qc3 56. Ka2 Qb2#) 50. Ka2 Bc1 (50... Qxe4 51. Nf6+ Kc6 52. Nxe4 $14) 51. Nxb6+ Kc7 52. Nc4 Qxc4+ 53. Kb1 Qc3 54. f6 Qb2#) 40. Rbb2 Rcg8 {[%emt 0:00:10] Black mates.} 41. Kb3 Rxe2 42. Rxe2 {[%emt 0:00:00] [#]} Rg2 $1 {[%emt 0:00:02] Weighted Error Value: White=0.49/Black=0.27 (precise) .  Loses game:     	White=1     	---        Mistake:       	White=4     	Black=2      Inaccurate:     	White=3     	Black=3      OK:         	White=9     	Black=10     Best:        	White=1     	Black=2      Strong:       	---       	Black=1} 0-1

[Event "CCT Chessable Masters Place D-I 2024"]
[Site "Online"]
[Date "2024.02.01"]
[Round "1"]
[White "Yu, Yangyi"]
[Black "Firouzja, Alireza"]
[Result "1/2-1/2"]
[ECO "C65"]
[WhiteElo "2720"]
[BlackElo "2759"]
[Annotator "TA"]
[PlyCount "120"]
[EventDate "2024.01.12"]
[EventType "k.o."]
[EventCountry "NET"]
[SourceTitle "playchess.com"]
[Source "ChessBase"]
[SourceQuality "1"]
[TimeControl "600+2"]

1. e4 e5 2. Nf3 Nc6 3. Bb5 Nf6 4. d3 Bc5 5. O-O Nd4 6. Nxd4 Bxd4 7. Ba4 {[%emt 0:00:01] C65: Ruy Lopez: Berlin Defence (3...Nf6), unusual lines and 4 0-0 Bc5.} O-O 8. c3 Bb6 9. Bg5 h6 10. Bh4 d6 11. Nd2 a6 12. Bb3 $146 ({Predecessor:} 12. h3 Bd7 13. Bxd7 Qxd7 14. Bxf6 gxf6 15. Qh5 Kh7 16. Kh1 Rg8 17. Nc4 Rg5 18. Nxb6 cxb6 {1-0 Przybylowicz,K (1831)-Kopoczynski,L Gdansk op 12th  2010 (1)}) 12... g5 13. Bg3 Bg4 14. Qe1 Nh5 15. Nc4 Ba7 16. Ne3 Be6 17. Kh1 Qd7 18. Bc2 Ng7 19. f3 f5 20. exf5 Nxf5 21. Bf2 Nxe3 22. Bxe3 Bxe3 23. Qxe3 Rae8 24. d4 exd4 25. Qxd4 Qg7 26. Qd2 Kh8 27. h3 Bf5 28. Rae1 Bxc2 29. Qxc2 d5 30. Qb3 c6 31. Qb6 Re7 32. Rxe7 Qxe7 33. a4 Kg8 34. a5 Rf7 35. b3 Qe5 36. c4 d4 37. Qd8+ Rf8 38. Qd7 Rf7 39. Qc8+ (39. Qd8+ $11 Rf8 40. Qd7) 39... Kg7 40. Qd8 Rf8 (40... c5 $1 $17 41. b4 cxb4) 41. Qb6 $11 Rf7 42. Qb4 (42. Qd8 $11 {keeps the balance.}) 42... c5 43. Qd2 {[%emt 0:00:09] [#]} Re7 $1 44. b4 $2 (44. f4 $17 gxf4 45. Rxf4) 44... Qe2 $19 45. Qxe2 (45. Rf2 $142 Qxc4 46. bxc5) 45... Rxe2 $19 46. bxc5 $2 {[%emt 0:00:02] [#]} (46. Kg1 cxb4 47. Rb1) 46... d3 $1 $19 47. Rd1 d2 48. Kh2 Kf6 49. Kg3 Ke5 50. f4+ gxf4+ 51. Kf3 Re3+ 52. Kf2 Rc3 $2 (52... Rd3 $19 {...Kd4 would now be deadly.} 53. Ke2 Kd4 54. Rxd2 Rxd2+ 55. Kxd2 Kxc4) 53. Rxd2 $11 Rxc4 54. Rd7 Rxc5 55. Rxb7 Rxa5 56. Rh7 Ra2+ 57. Kf3 Ra3+ 58. Kf2 Ra2+ 59. Kf3 Ra3+ 60. Kf2 Ra2+ 1/2-1/2

[Event "CCT Chessable Masters Place D-I 2024"]
[Site "Online"]
[Date "2024.02.01"]
[Round "1"]
[White "Svidler, Peter"]
[Black "Sam_ChessMood"]
[Result "1/2-1/2"]
[ECO "B72"]
[WhiteElo "2689"]
[BlackElo "2653"]
[Annotator "ChessBase"]
[PlyCount "170"]
[EventDate "2024.01.12"]
[EventType "k.o."]
[EventCountry "NET"]
[SourceTitle "playchess.com"]
[Source "ChessBase"]
[SourceQuality "1"]
[TimeControl "600+2"]

1. e4 c5 2. Nf3 d6 3. d4 cxd4 4. Nxd4 Nf6 5. Nc3 a6 6. Bd3 g6 7. f3 Bg7 8. Be3 Nbd7 9. Qd2 b5 10. a4 b4 11. Na2 d5 12. Nxb4 dxe4 13. fxe4 Bb7 14. O-O-O Qc7 15. Nb3 O-O 16. Bd4 Rfd8 17. Rhe1 Ne5 18. Kb1 a5 19. Qc3 Qxc3 20. Bxc3 axb4 21. Bxe5 Rxa4 22. Nc5 Ra7 23. Nxb7 Rxb7 24. Ba6 Rbd7 25. Rxd7 Rxd7 26. Bf4 Nh5 27. Be3 Be5 28. g3 Nf6 29. Bc5 Bd6 30. Bxd6 Rxd6 31. Bc4 Rd4 32. Bd3 Ng4 33. Ka2 Ne5 34. Re3 Nd7 35. c3 bxc3 36. bxc3 Ra4+ 37. Kb2 Nc5 38. Bc2 Ra7 39. e5 Kf8 40. c4 e6 41. g4 Ke7 42. Rh3 Nd7 43. Rxh7 Nxe5 44. Kc3 Nxg4 45. Bxg6 Ne5 46. Bc2 Rc7 47. Bb3 Kf6 48. h4 Rc8 49. Rh5 Nd7 50. Kd4 e5+ 51. Ke3 Nc5 52. Bc2 Ra8 53. Rh6+ Kg7 54. Rc6 Ra3+ 55. Kd2 Ne6 56. h5 Ra2 57. Rd6 Kh6 58. c5 Kxh5 59. c6 Ra7 60. Ke3 Nd4 61. Be4 Kg5 62. Kd3 f5 63. Bd5 Kf4 64. Rh6 Rc7 65. Kc4 Nxc6 66. Bxc6 e4 67. Kd4 Rg7 68. Rf6 Kg5 69. Rf8 Kf4 70. Bxe4 Rd7+ 71. Bd5 Re7 72. Bc6 Re6 73. Bb5 Rd6+ 74. Kc5 Rd2 75. Bc6 Ke5 76. Re8+ Kf4 77. Bd5 Kg3 78. Re3+ Kg4 79. Kd6 f4 80. Re8 f3 81. Rg8+ Kh3 82. Rf8 Rxd5+ 83. Kxd5 Kg2 84. Ke4 f2 85. Rxf2+ Kxf2 1/2-1/2

[Event "CCT Chessable Masters Place D-I 2024"]
[Site "Online"]
[Date "2024.02.01"]
[Round "1"]
[White "tptagain"]
[Black "Mamedov, Rauf"]
[Result "1/2-1/2"]
[ECO "B27"]
[WhiteElo "2667"]
[BlackElo "2651"]
[Annotator "ChessBase"]
[PlyCount "104"]
[EventDate "2024.01.12"]
[EventType "k.o."]
[EventCountry "NET"]
[SourceTitle "playchess.com"]
[Source "ChessBase"]
[SourceQuality "1"]
[TimeControl "600+2"]

1. e4 c5 2. Nf3 g6 3. c3 d5 4. e5 a6 5. d4 Bg7 6. Be2 Nc6 7. O-O f6 8. exf6 Nxf6 9. dxc5 O-O 10. Bg5 e5 11. Nbd2 Bf5 12. Re1 Kh8 13. h3 Qc7 14. Qb3 Rae8 15. Rad1 Qf7 16. Be3 Qc7 17. Qa4 e4 18. Nd4 Bd7 19. Nxc6 Bxc6 20. Qb4 Nd7 21. Nb3 Ne5 22. Na5 Qf7 23. c4 d4 24. Bxd4 e3 25. Bxe3 Nd3 26. Qd2 Nxf2 27. Rf1 Rxe3 28. Nxc6 bxc6 29. Qxe3 Nxd1 30. Rxd1 Bxb2 31. Rf1 Qg7 32. Rxf8+ Qxf8 33. Bf3 Qf6 34. Qe8+ Kg7 35. Qxc6 Qxc6 36. Bxc6 Bd4+ 37. Kf1 Bxc5 38. Ke2 Kf6 39. Kd3 Ke5 40. Bd5 g5 41. Bf3 a5 42. Kc3 a4 43. Bc6 a3 44. Bf3 h6 45. Kd3 Kf4 46. Bd5 Ke5 47. Kc3 h5 48. Bf3 h4 49. Bd5 Kd6 50. Bf3 Ke5 51. Bd5 Kd6 52. Bf3 Ke5 1/2-1/2

[Event "CCT Chessable Masters Place D-I 2024"]
[Site "Online"]
[Date "2024.02.01"]
[Round "1"]
[White "Mamedov, Rauf"]
[Black "tptagain"]
[Result "1-0"]
[ECO "B10"]
[WhiteElo "2651"]
[BlackElo "2668"]
[Annotator "ChessBase"]
[PlyCount "49"]
[EventDate "2024.01.12"]
[EventType "k.o."]
[EventCountry "NET"]
[SourceTitle "playchess.com"]
[Source "ChessBase"]
[SourceQuality "1"]
[TimeControl "600+2"]

1. e4 c6 2. Nf3 d5 3. e5 Bg4 4. Be2 e6 5. O-O Ne7 6. d4 c5 7. c3 Nbc6 8. Nbd2 cxd4 9. cxd4 Nf5 10. h3 Bxf3 11. Nxf3 Qb6 12. Kh1 Ncxd4 13. Nxd4 Qxd4 14. Qb3 Qb4 15. Bb5+ Kd8 16. Bg5+ Kc7 17. Qc2+ Kb6 18. Bd3 Nd4 19. Qd1 Kc7 20. a3 Qxb2 21. Qg4 Nc6 22. Rfc1 Qb3 23. Qf3 Bxa3 24. Rab1 Bb2 25. Rc2 1-0

[Event "CCT Chessable Masters Place D-I 2024"]
[Site "Online"]
[Date "2024.02.01"]
[Round "1"]
[White "Sam_ChessMood"]
[Black "Svidler, Peter"]
[Result "1-0"]
[ECO "C90"]
[WhiteElo "2644"]
[BlackElo "2689"]
[Annotator "ChessBase"]
[PlyCount "83"]
[EventDate "2024.01.12"]
[EventType "k.o."]
[EventCountry "NET"]
[SourceTitle "playchess.com"]
[Source "ChessBase"]
[SourceQuality "1"]
[TimeControl "600+2"]

1. e4 e5 2. Nf3 Nc6 3. Bb5 a6 4. Ba4 Nf6 5. O-O Be7 6. d3 b5 7. Bb3 d6 8. c3 O-O 9. h3 Re8 10. Re1 h6 11. Nbd2 Na5 12. Bc2 c5 13. Nf1 Nc6 14. Ng3 Bf8 15. d4 cxd4 16. cxd4 exd4 17. Nxd4 Nxd4 18. Qxd4 Bb7 19. Bf4 Rc8 20. Bb3 d5 21. e5 Ne4 22. Nxe4 dxe4 23. Qa7 Qe7 24. Rad1 Red8 25. Rd6 Qc7 26. Rxd8 Rxd8 27. e6 Qxf4 28. exf7+ Kh8 29. Qxb7 Bc5 30. Qxe4 Qxf2+ 31. Kh1 Bf8 32. Qe8 g6 33. Qe5+ Kh7 34. Qe2 Rd2 35. Qxf2 Rxf2 36. Re8 Kg7 37. Kg1 Rxb2 38. Ra8 Bc5+ 39. Kf1 Rf2+ 40. Ke1 a5 41. Rg8+ Kh7 42. Rc8 1-0

[Event "CCT Chessable Masters Place D-I 2024"]
[Site "Online"]
[Date "2024.02.01"]
[Round "1"]
[White "Lazavik, Denis"]
[Black "Nakamura, Hikaru"]
[Result "1-0"]
[ECO "A41"]
[WhiteElo "2566"]
[BlackElo "2788"]
[Annotator "TA"]
[PlyCount "71"]
[EventDate "2024.01.12"]
[EventType "k.o."]
[EventCountry "NET"]
[SourceTitle "playchess.com"]
[Source "ChessBase"]
[SourceQuality "1"]
[TimeControl "600+2"]

1. d4 g6 2. c4 Bg7 3. Nf3 d6 4. Nc3 Bd7 5. g3 Qc8 6. Bg2 Bh3 7. O-O Nc6 8. e4 {[%emt 0:00:26] White is slightly better.} h5 9. Bxh3 Qxh3 {[%emt 0:00:00] [#]} 10. d5 $1 Nd8 11. Nb5 Qd7 12. Re1 e5 13. dxe6 ({Better is} 13. Be3 $16) 13... Nxe6 $11 14. e5 {[%emt 0:00:16] Dodges Nf6} a6 15. Nc3 O-O-O 16. exd6 Qxd6 17. Qxd6 Rxd6 18. Ng5 Nd8 (18... Bxc3 $11 19. bxc3 Nh6) 19. Nd5 $16 Nf6 20. Bf4 {[%emt 0:00:13] White is much more active.} (20. Nxc7 $5 Kxc7 21. Bf4 $16) 20... Rxd5 (20... Rd7 $14) 21. cxd5 Nxd5 22. Be5 $36 {[%emt 0:01:22][%mdl 2048] Keeping Black busy.} f6 23. Bd4 c5 (23... fxg5 $16 24. Bxg7 Rg8) 24. Rac1 $18 ({Inferior is} 24. Bxc5 fxg5 25. Rad1 Nc7 $17) 24... b6 {[%emt 0:00:04] [#]} 25. Bxc5 $1 bxc5 26. Rxc5+ Kb8 27. Rxd5 fxg5 28. Rxg5 Rh6 29. Re8 {[%emt 0:00:06] Against Bf6} Bf6 30. Rd5 Kc7 {[%emt 0:00:01] Prevents Rd6} 31. Ra5 Kb6 32. Rd5 (32. b4 $142) 32... Kc7 $1 33. Ra5 $2 ({White should play} 33. Re4 $18 {aiming for Rc4+.} g5 34. Ra4) 33... Nc6 $2 (33... Kb6 $1 $11 {and Black stays safe.} 34. Rd5 Kc7) 34. Rxa6 {[%emt 0:00:04] And now Re6 would win.} Bd4 35. Re6 Bb6 $2 {[%emt 0:00:01] [#]} (35... Nb4 36. Rad6 (36. Rxg6 Rxg6 37. Rxg6 Nxa2 $16) 36... Bc5) 36. b4 $1 {[%emt 0:00:21][%mdl 512] Weighted Error Value: White=0.33/Black=0.36.  Loses game:     	---       	Black=1      Missed win:     	White=1     	---        Mistake:       	White=2     	Black=4      Inaccurate:     	White=1     	Black=1      OK:         	White=13    	Black=10     Best:        	White=1     	Black=2      Strong:       	White=1     	Black=1      Brilliant:      	White=1     	---} 1-0

[Event "CCT Chessable Masters Place D-I 2024"]
[Site "Online"]
[Date "2024.02.01"]
[Round "2"]
[White "Sibelephant"]
[Black "Firouzja, Alireza"]
[Result "1/2-1/2"]
[ECO "B13"]
[WhiteElo "2796"]
[BlackElo "2759"]
[Annotator "TA"]
[PlyCount "76"]
[EventDate "2024.01.12"]
[EventType "k.o."]
[EventCountry "NET"]
[SourceTitle "playchess.com"]
[Source "ChessBase"]
[SourceQuality "1"]
[TimeControl "600+2"]

1. Nf3 Nf6 2. c4 c5 3. e3 Nc6 4. d4 cxd4 5. exd4 d5 6. Nc3 a6 7. h3 g6 8. c5 Bg7 9. Bd3 {[%emt 0:00:01] Dodges Ne4. White has an edge.} O-O 10. O-O Nd7 11. Bc2 e6 12. Bg5 Qc7 13. Ba4 b6 14. Bxc6 Qxc6 15. b4 bxc5 16. bxc5 Bb7 17. Rb1 Rfe8 {[%emt 0:00:37] Black is weak on the dark squares} ({Avoid the trap} 17... Nxc5 $2 18. dxc5 (18. Be7 Ne4 $16) 18... d4 (18... Bxc3 $2 19. Qb3 $18) 19. Na4 $18 (19. Nxd4 $2 Qxg2#)) 18. Qa4 {[%emt 0:00:42][%cal Ob1b7] [#] Threatens to win with Rxb7!} Rac8 19. Bf4 e5 {[%emt 0:00:08] The position is equal.} ({Of course not} 19... Nxc5 $6 20. dxc5 e5 (20... Bxc3 $2 {perishes.} 21. Qb3 $18) 21. Bd2 $16) 20. dxe5 Nxc5 21. Qxc6 Bxc6 22. Rfd1 Ne6 23. Be3 {[%emt 0:00:20] [#]} d4 $1 24. Nxd4 Nxd4 25. Bxd4 Bxe5 {[%emt 0:00:02] This pair of bishops is nice.} 26. Rb6 Bxd4 27. Rxd4 Bxg2 28. Kxg2 Rxc3 29. Rxa6 $11 {[%emt 0:00:00][%mdl 4096] Endgame. KRR-KRR} Re5 30. Rf4 Rg5+ 31. Kh2 Rh5 32. Ra8+ Kg7 33. Ra7 Rcxh3+ 34. Kg2 Rh2+ 35. Kg1 Rh1+ 36. Kg2 R1h2+ 37. Kg1 Rh1+ 38. Kg2 R1h2+ {[%emt 0:00:02] Weighted Error Value: White=0.06 (flawless) /Black=0.05 (flawless) .  Inaccurate:     	White=2     	Black=1      OK:         	White=18    	Black=10     Best:        	---       	Black=2} 1/2-1/2

[Event "CCT Chessable Masters Place D-I 2024"]
[Site "Online"]
[Date "2024.02.01"]
[Round "2"]
[White "Nepomniachtchi, Ian"]
[Black "Mamedov, Rauf"]
[Result "0-1"]
[ECO "B30"]
[WhiteElo "2769"]
[BlackElo "2651"]
[Annotator "TA"]
[PlyCount "78"]
[EventDate "2024.01.12"]
[EventType "k.o."]
[EventCountry "NET"]
[SourceTitle "playchess.com"]
[Source "ChessBase"]
[SourceQuality "1"]
[TimeControl "600+2"]

1. e4 c5 2. Nf3 Nc6 3. Bb5 Nf6 4. Nc3 Qc7 5. O-O Nd4 6. Re1 a6 7. Bf1 d6 8. Nxd4 cxd4 9. Nd5 {[%emt 0:00:00] White is slightly better.} Nxd5 10. exd5 g6 11. d3 Bg7 12. Bg5 e5 13. dxe6 Bxe6 14. g3 O-O 15. Bg2 Rac8 16. Rc1 Qb6 17. b3 Rc5 18. Bf4 Rfc8 19. Qd2 Qc7 20. Qb4 b5 21. Re2 g5 22. Bd2 Rxc2 23. Rce1 {[%emt 0:00:21] [#] This costs White the game.} ({White has to play} 23. Rxc2 $15 Qxc2 24. Rxe6 fxe6 25. Qxd6) 23... Rxa2 $19 24. Bxg5 Rxe2 25. Rxe2 Qc3 26. Qa3 Qc5 (26... Bxb3 27. Qxa6 Be6 28. Bd2 $15 (28. Qxb5 Qa1+ 29. Bf1 Bh3)) (26... Qxb3 27. Qxa6 h6 (27... Qxd3 28. Qxc8+ Bxc8 29. Re8+ Bf8 30. Bh6 Qb1+ 31. Bf1) 28. Bd2) (26... Qxd3 27. Rxe6 fxe6 28. Qxa6 $19) (26... a5 $142 {Threatens to win with ...a4.} 27. Rxe6 fxe6 28. Qxd6 Qe1+ (28... Qxb3 29. Bb7 $11) 29. Bf1 Rf8) 27. Qxc5 Rxc5 28. h4 a5 (28... Bxb3 29. Re8+ Bf8 30. Bh6) 29. Be7 $2 (29. Re1) 29... Rc3 (29... Bxb3 30. Bd8 Re5 31. Rxe5 dxe5 (31... Bxe5 32. Bxa5 d5 33. Kf1 $11) 32. Bxa5 $19) 30. Bxd6 Rxd3 31. Bc7 a4 32. bxa4 bxa4 33. Bh3 a3 (33... Bxh3 34. Re8+ Bf8 35. Bd6 $19) 34. Bxe6 fxe6 {[%emt 0:00:00] KRB-KRB} 35. Kg2 Rb3 {[%emt 0:00:44] [#] Hoping for ...Rb2.} 36. Rxe6 d3 {[%emt 0:00:01] ( -> ...a2)} 37. Re8+ Kf7 {[%emt 0:00:02] Black mates.} 38. Rd8 a2 39. Rd7+ Ke8 {[%emt 0:00:07] Weighted Error Value: White=0.73/Black=0.17 (very precise) .  Loses game:     	White=1     	---        Mistake:       	White=1     	Black=1      Inaccurate:     	White=6     	Black=1      OK:         	White=5     	Black=14     Best:        	White=3     	Black=3} 0-1